 Dungeon Crawl Stone Soup version 0.29.0-4-gdea44cf6ec (webtiles) character file.

Game seed: 6867337442190651463

23 qw the Chopper (level 3, 0/21 HPs)
             Began as a Tengu Warper on Aug 28, 2022.
             Succumbed to their own poison gas
             ... on level 1 of the Dungeon.
             The game lasted 00:00:04 (936 turns).

qw the Chopper (Tengu Warper)                        Turns: 936, Time: 00:00:05

Health: 0/21       AC:  8    Str: 13    XL:     3   Next: 0%
Magic:  7/7        EV:  6    Int: 13    God:
Gold:   7          SH:  0    Dex: 13    Spells: 6/6 levels left

rFire   . . .      SeeInvis .   Y - +1 hand axe
rCold   . . .      Faith    .   (no shield)
rNeg    . . .      Spirit   .   d - +0 chain mail
rPois   .          Reflect  .   (helmet restricted)
rElec   .          Harm     .   (no cloak)
rCorr   .          Rampage  .   (no gloves)
Will    .....                   (boots unavailable)
Stlth   ..........              (no amulet)
HPRegen 0.07/turn               (no ring)
MPRegen 0.10/turn               (no ring)

@: mighty, lethally poisoned (0 -> -3), weak-willed, hasted, very quick
A: beak, talons 3
a: no special abilities


You were on level 1 of the Dungeon.
You visited 1 branch of the dungeon, and saw 1 of its levels.

You collected 7 gold pieces.


Innate Abilities, Weirdness & Mutations

You have a beak for a mouth.
You have claws for feet.


   Skills:
 - Level 2.0 Fighting
 + Level 3.7 Axes
 - Level 1.0 Throwing
 - Level 1.1 Armour
 - Level 2.1 Dodging
 - Level 2.0 Spellcasting
 - Level 2.4 Translocations


You had 6 spell levels left.
You didn't know any spells.
Your spell library contained the following spells:

 Spells                   Type           Power      Damage    Failure   Level
 Blink                    Tloc           14%        N/A       99%         2
 Gell's Gravitas          Tloc           7%         N/A       100%        3
 Lesser Beckoning         Tloc           7%         N/A       100%        3
 Teleport Other           Tloc           7%         N/A       100%        3
 Manifold Assault         Tloc           7%         N/A       100%        5

Inventory:

Hand Weapons
 n - a +0 whip
 Y - a +1 hand axe (weapon)
Armour
 d - a +0 chain mail (worn)
Potions
 f - a potion of might
 g - a potion of haste
 h - a potion of heal wounds {unknown}

Dungeon Overview and Level Annotations

Branches:
Dungeon (1/15)

Altars:


Message History

Done exploring.
922 ||| DROPPING scroll of blinking.
You drop a scroll of blinking.
Done exploring.
923 ||| DROPPING scroll of vulnerability.
You drop a scroll of vulnerability.
Done exploring.
(D) Dungeon
Where to? (* - list waypoints, ? - help)
What level of the Dungeon? (default 1, ? - help) Sorry, I don't know how to get there.
Done exploring.
924 ||| Stepping randomly (stuck).
Really walk into that cloud of poison gas?
You are engulfed in poison gas.
You are lethally poisoned!
You feel very sick.
925 ||| Stepping ~*~*~tactically~*~*~ (cloud).
You feel very sick.
Items here: ?? [[.
There is a lethal amount of poison in your body!
You feel sick.
There is a lethal amount of poison in your body!
You feel sick.
There is a lethal amount of poison in your body!
You feel sick.
There is a lethal amount of poison in your body!
You feel sick.
There is a lethal amount of poison in your body!
You feel sick.
There is a lethal amount of poison in your body!
You feel sick.
There is a lethal amount of poison in your body!
You feel sick.
There is a lethal amount of poison in your body!
There is a lethal amount of poison in your body!
You feel sick.
There is a lethal amount of poison in your body!
You feel sick.
There is a lethal amount of poison in your body!
You die...

....%.............####.# #.##
.####......7070.0......# ####.#
####........7.00....##.# #....#
#..........0.0.0....##0####.##.#
#.##..7...0.0.00.7.0#.0.....####
#.#..77...00..0.077..00########
#...........000..0.0.00.......#
#........~0~~~0.0.000000#####.###
##......~~####~~@.000.00# #.....
#7.....~## ##~0.0..000####..###
#.7....~# #~..0.0700......#
#7.....~# #0.00.700.......#
#......~## ##~000007.#.####.#
#......~~####~00.0....#......#
#.......~~~~~~00.00..0.>.##..#
#...........0.....000###.##.##
#...77..........77...# #.##.#


There were no monsters in sight!

Vanquished Creatures
  A dart slug (D:1)
  An endoplasm (D:1)
  A giant cockroach (D:1)
  2 goblins (D:1)
  4 jackals (D:1)
  A kobold (D:1)
  3 quokkas (D:1)
  3 bats (D:1)
  A frilled lizard (D:1)
  A rat (D:1)
18 creatures vanquished.

Notes
Turn   | Place    | Note
-------+----------+-------------------------------------------
     0 | D:1      | qw the Tengu Warper began the quest for the Orb.
     0 | D:1      | Reached XP level 1. HP: 12/12 MP: 4/4
     0 | D:1      | 0 ||| qw: Version: 0.1-a-89-g26bdef1
     0 | D:1      | 0 ||| qw: Game counter: 1062
     0 | D:1      | 0 ||| qw: Always use a shield: true
     0 | D:1      | 0 ||| qw: God list: Okawaru
     0 | D:1      | 0 ||| qw: Allow faded altars: false
     0 | D:1      | 0 ||| qw: Do Orc after D:15 true
     0 | D:1      | 0 ||| qw: Do second Lair branch before Depths: true
     0 | D:1      | 0 ||| qw: Lair rune preference: random
     0 | D:1      | 0 ||| qw: Plans: Normal
     0 | D:1      | 0 ||| PLANNING D:1-11
    22 | D:1      | Reached XP level 2. HP: 12/17 MP: 6/6
   138 | D:1      | Reached skill level 3 in Axes
   223 | D:1      | 223 ||| Stepping ~*~*~tactically~*~*~ (hiding).
   590 | D:1      | Reached XP level 3. HP: 12/21 MP: 7/7
   862 | D:1      | 862 ||| DROPPING +0 club.
   904 | D:1      | 904 ||| UPGRADING to +0 chain mail.
   914 | D:1      | 914 ||| DROPPING +0 leather armour.
   915 | D:1      | 915 ||| DROPPING +0 ring mail.
   916 | D:1      | 916 ||| READING scroll labelled DEUQIACOTZ.
   917 | D:1      | 917 ||| READING scroll labelled UNLEGE POCW.
   918 | D:1      | 918 ||| READING scroll labelled MEVENA BEUZA.
   919 | D:1      | 919 ||| READING 2 scrolls labelled EQOQOMP URYMN.
   920 | D:1      | 920 ||| DRINKING 2 emerald potions.
   921 | D:1      | 921 ||| DRINKING 2 fuming ruby potions.
   922 | D:1      | 922 ||| DROPPING scroll of blinking.
   923 | D:1      | 923 ||| DROPPING scroll of vulnerability.
   924 | D:1      | 924 ||| Stepping randomly (stuck).
   925 | D:1      | 925 ||| Stepping ~*~*~tactically~*~*~ (cloud).
   931 | D:1      | HP: 4/21 [poisoned by you (poison gas)]
   935 | D:1      | HP: 1/21 [poisoned by you (poison gas)]
   936 | D:1      | Succumbed to their own poison gas

Levels and vault maps discovered:
D:1:      wander_arrival_peaceful_grave, layout_basic,
          kennysheep_decorative_pillar

Skill      XL: |  1  2 |
---------------+-------+-----
Axes           | 3 |  3.7
Fighting       | |  2.0
Throwing       | |  1.0
Armour         | |  1.1
Dodging        | |  2.1
Spellcasting   | |  2.0
Translocations | |  2.4

Action                   || total
-------------------------++-------
Melee: Hand axe          ||    34
       Kick              ||     5
       Peck              ||     3
Throw: Boomerang         ||     7
  Use: Scroll            ||     4
       Potion            ||     2
Armor: Leather armour    ||     4
Dodge: Dodged            ||    25

Table legend:
 A = Non-vault XP
 B = Vault XP
 C = Vault XP percentage of total XP
 D = Non-vault monster count
 E = Vault monster count
 F = Vault count percentage of total count
                 A         B        C        D         E       F
            +---------+---------+-------+---------+---------+-------
      Total |      34 |       0 |   0.0 |      18 |       0 |   0.0
            +---------+---------+-------+---------+---------+-------
        D:1 |      34 |       0 |   0.0 |      18 |       0 |   0.0
            +---------+---------+-------+---------+---------+-------
